Philadelphia Flyers vs Colorado Rockies
Created - Thursday, April 6, 2023 at 07:17
Goals
|
| Philadelphia Flyers |
2 |
2 |
1 |
0 |
1 |
6 |
| Colorado Rockies |
4 |
1 |
0 |
0 |
0 |
5 |
|
Shots
|
| Philadelphia Flyers |
10 |
9 |
15 |
2 |
5 |
36 |
| Colorado Rockies |
14 |
13 |
4 |
0 |
5 |
31 |
|
1st period
1. Colorado Rockies , Jesper Bratt 3 (Nikita Kucherov 22, Ryan O'Reilly 9) at 3:39
2. Colorado Rockies , Kyle Connor 10 (Evgeny Kuznetsov 16, David Pastrnak 6) at 7:53
3. Philadelphia Flyers , Evan Rodrigues 5 (Tomas Tatar 6, Oliver Ekman-Larsson 3) at 8:27
4. Colorado Rockies , Nikita Kucherov 9 (Evgeny Kuznetsov 17, Kyle Connor 15) at 13:39 (PP)
5. Philadelphia Flyers , Calle Jarnkrok 5 (Ben Chiarot 6) at 16:20 (SH)
6. Colorado Rockies , Ryan O'Reilly 6 (Nick Schmaltz 5, David Pastrnak 7) at 17:55
Penalties :
Oliver Ekman-Larsson (PHI) for Hooking (Minor) at 13:24, Oliver Ekman-Larsson (PHI) for Holding (Minor) at 15:47
2nd period
7. Colorado Rockies , Ryan O'Reilly 7 (David Pastrnak 8, Zach Werenski 6) at 2:45 (PP)
8. Philadelphia Flyers , Alexander Barabanov 2 (Tyler Bertuzzi 10, Oliver Ekman-Larsson 4) at 11:42
9. Philadelphia Flyers , Calvin de Haan 1 (Yanni Gourde 10) at 16:39
Penalties :
Yanni Gourde (PHI) for Roughing (Double Minor) at 2:09, Justin Faulk (PHI) for Roughing (Minor) at 7:23
3rd period
10. Philadelphia Flyers , Riley Sheahan 4 (Yanni Gourde 11) at 1:33 (SH)
Penalties :
Alexander Edler (PHI) for Hooking (Minor) at 1:06, Ryan O'Reilly (COL) for Boarding (Minor) at 9:27, Justin Faulk (PHI) for Roughing (Minor) at 17:00
Overtime #1
No Goal
Penalties :
No Penalty
Shootout
Philadelphia Flyers, Elias Lindholm - Stopped by Andrei Vasilevskiy
Colorado Rockies, Kevin Hayes - Shot Misses the Net
Philadelphia Flyers, Tyler Bertuzzi - Stopped by Andrei Vasilevskiy
Colorado Rockies, Evgeny Kuznetsov - Shot Misses the Net
Philadelphia Flyers, Carter Verhaeghe - Stopped by Andrei Vasilevskiy
Colorado Rockies, Tim Stutzle - Stopped by Linus Ullmark
Philadelphia Flyers, Yanni Gourde - Shot Misses the Net
Colorado Rockies, Shea Theodore - Stopped by Linus Ullmark
Philadelphia Flyers, Evan Rodrigues - Goal!
Colorado Rockies, Jesper Bratt - Stopped by Linus Ullmark
Penalties :
No Penalty
Goalie Stats
Linus Ullmark (PHI), 26 saves from 31 shots - (0.839), W, 6-6-2, 65:00 minutes
Andrei Vasilevskiy (COL), 31 saves from 36 shots - (0.861), OTL, 9-6-1, 65:00 minutes
Players Stats for Philadelphia Flyers
Player Name G A P +/- PIM S H SB GA TA FO MP PP MP PK MP
------------------------------------------------------------------------------------
Alexander Barabanov 1 0 1 0 0 2 0 0 2 0 0/1 14:52 0:00 0:17
Alexander Edler 0 0 0 1 2 0 1 0 0 0 0/0 17:45 0:43 2:18
Ben Chiarot 0 1 1 0 0 0 1 0 0 0 0/0 25:58 0:00 6:40
Calle Jarnkrok 1 0 1 2 0 6 0 2 0 0 4/10 13:40 0:00 3:55
Calvin de Haan 1 0 1 2 0 1 0 0 1 1 0/0 14:11 0:00 0:00
Carter Verhaeghe 0 0 0 0 0 2 0 1 0 0 0/2 17:24 1:02 0:00
Elias Lindholm 0 0 0 1 0 2 1 0 1 0 11/19 21:53 1:02 4:52
Evan Rodrigues 1 0 1 1 0 2 3 0 3 1 0/0 9:41 0:57 0:00
Evgenii Dadonov 0 0 0 0 0 0 1 0 2 0 1/2 14:59 0:57 0:00
Justin Faulk 0 0 0 -1 4 1 1 2 0 0 0/0 24:30 1:16 3:27
Marcus Johansson 0 0 0 0 0 3 0 0 1 0 0/0 11:52 0:00 1:04
Matt Roy 0 0 0 1 0 3 1 0 0 1 0/0 24:48 0:43 5:19
Oliver Ekman-Larsson 0 2 2 0 4 2 1 2 3 1 0/0 23:40 1:16 3:48
Riley Sheahan 1 0 1 0 0 2 0 0 0 1 2/6 16:26 0:00 6:34
Tomas Tatar 0 1 1 1 0 1 0 1 0 0 0/0 8:57 0:00 0:00
Tyler Bertuzzi 0 1 1 0 0 1 0 1 0 0 0/1 16:42 1:02 0:00
Tyler Johnson 0 0 0 0 0 4 1 0 0 0 0/0 9:43 0:00 0:00
Yanni Gourde 0 2 2 0 4 4 1 0 0 0 13/29 22:07 0:57 4:50
Players Stats for Colorado Rockies
Player Name G A P +/- PIM S H SB GA TA FO MP PP MP PK MP
------------------------------------------------------------------------------------
David Pastrnak 0 3 3 1 0 2 1 1 0 0 0/2 18:28 5:08 0:00
Dylan Strome 0 0 0 0 0 1 0 0 0 0 0/0 8:18 0:00 0:00
Evgeny Kuznetsov 0 2 2 0 0 3 3 0 1 0 15/21 20:22 5:38 0:00
Jakub Vrana 0 0 0 0 0 1 1 0 1 0 0/0 8:03 0:00 0:00
Jesper Bratt 1 0 1 0 0 1 2 0 0 0 0/0 16:50 0:00 0:46
Kevin Hayes 0 0 0 -2 0 0 1 0 0 2 7/17 12:52 0:00 1:00
Kyle Connor 1 1 2 0 0 7 0 0 1 1 0/2 21:34 5:38 0:13
Martin Fehervary 0 0 0 0 0 3 3 0 0 0 0/0 11:38 0:00 1:04
Nick Bonino 0 0 0 0 0 0 0 0 0 2 3/4 8:22 0:00 0:14
Nick Schmaltz 0 1 1 -2 0 4 0 0 0 1 0/0 16:55 5:08 0:46
Nikita Kucherov 1 1 2 -1 0 1 0 0 1 2 0/1 20:58 5:38 0:00
Quinn Hughes 0 0 0 -2 0 0 0 0 0 0 0/0 20:20 3:09 0:00
Roman Josi 0 0 0 0 0 1 1 1 0 1 0/0 10:12 0:00 0:00
Ryan O'Reilly 2 1 3 0 2 2 0 0 0 1 13/22 21:55 5:08 0:00
Shea Theodore 0 0 0 -2 0 1 0 2 0 2 0/0 21:27 3:09 0:55
Tim Stutzle 0 0 0 -2 0 1 1 1 1 0 1/1 13:23 0:00 0:59
Victor Hedman 0 0 0 0 0 3 4 0 0 1 0/0 33:15 7:37 1:04
Zach Werenski 0 1 1 0 0 0 4 1 0 0 0/0 33:08 7:37 0:55
3 Stars
1 - Ryan O'Reilly (COL)
2 - David Pastrnak (COL)
3 - Evan Rodrigues (PHI)
Power Play
Philadelphia Flyers - 0 on 1 Attempt(s) - 0.00%
Colorado Rockies - 2 on 7 Attempt(s) - 28.57%
Penalty Kill
Philadelphia Flyers - 5 on 7 Attempt(s) - 71.43%
- Score 2 goal in Penalty Kill
Colorado Rockies - 1 on 1 Attempt(s) - 100.00%
- Score 0 goal in Penalty Kill
Team Stat
Philadelphia Flyers - Hits : 12 - Faceoff Wins : 31 - Blocked Shots : 9 - Penalty Minutes : 14
Colorado Rockies - Hits : 21 - Faceoff Wins : 39 - Blocked Shots : 6 - Penalty Minutes : 2
Official
Referees : Ian Walsh and Brad Watson
Linesman : Derek Amell and Thor Nelson
Game Notes
No Game Note
Finance
Level 1 -- Attendance: 6000 (100.00%) -- Ticket Income $540,000
Level 2 -- Attendance: 4546 (90.92%) -- Ticket Income $250,030
Level 3 -- Attendance: 2786 (92.87%) -- Ticket Income $97,510
Level 4 -- Attendance: 4178 (83.56%) -- Ticket Income $104,450
Luxury Box -- Attendance: 1000 (100.00%) -- Ticket Income $175,000
Game was played at the Pepsi Center.
Total Attendance: 18510 (92.55%)
Total Ticket Income: $1,166,990
Other Income: $408,446
Total Income: $1,575,436
Philadelphia Flyers
5 vs 5 Forward
Center Left Wing Right Wing Time % Phy DF OF
1 Elias Lindholm Tyler Bertuzzi Alexander Barabanov 30 0 3 2
2 Yanni Gourde Carter Verhaeghe Evgenii Dadonov 30 0 3 2
3 Calle Jarnkrok Evan Rodrigues Tomas Tatar 20 0 3 2
4 Riley Sheahan Marcus Johansson Tyler Johnson 20 0 3 2
5 vs 5 Defense
Defense Defense Time % Phy DF OF
1 Justin Faulk Ben Chiarot 35 0 3 2
2 Oliver Ekman-Larsson Matt Roy 35 0 3 2
3 Alexander Edler Calvin de Haan 30 0 3 2
4 Justin Faulk Ben Chiarot 0 0 3 2
PowerPlay Forward
Center Left Wing Right Wing Time % Phy DF OF
1 Elias Lindholm Tyler Bertuzzi Carter Verhaeghe 55 0 1 4
2 Yanni Gourde Evan Rodrigues Evgenii Dadonov 45 0 1 4
PowerPlay Defense
Defense Defense Time % Phy DF OF
1 Justin Faulk Oliver Ekman-Larsson 55 0 1 4
2 Alexander Edler Matt Roy 45 0 1 4
Penalty Kill 4 Players Forward
Center Wing Time % Phy DF OF
1 Yanni Gourde Riley Sheahan 55 0 4 1
2 Elias Lindholm Calle Jarnkrok 45 0 4 1
Penalty Kill 4 Players Defense
Defense Defense Time % Phy DF OF
1 Justin Faulk Ben Chiarot 50 0 4 1
2 Oliver Ekman-Larsson Matt Roy 50 0 4 1
Penalty Kill - 3 Players Forward
Forward Time % Phy DF OF
1 Yanni Gourde 50 0 5 0
2 Riley Sheahan 50 0 5 0
Penalty Kill - 3 Players Defense
Defense Defense Time % Phy DF OF
1 Justin Faulk Ben Chiarot 50 0 5 0
2 Oliver Ekman-Larsson Matt Roy 50 0 5 0
4 vs 4 Forward
Center Wing Time % Phy DF OF
1 Elias Lindholm Tyler Bertuzzi 50 0 3 2
2 Yanni Gourde Carter Verhaeghe 50 0 3 2
4 vs 4 Defense
Defense Defense Time % Phy DF OF
1 Justin Faulk Ben Chiarot 50 0 3 2
2 Oliver Ekman-Larsson Matt Roy 50 0 3 2
Last Minutes Offensive
Center Left Wing Right Wing Defense Defense
Elias Lindholm Tyler Bertuzzi Carter Verhaeghe Justin Faulk Oliver Ekman-Larsson
Last Minutes Defensive
Center Left Wing Right Wing Defense Defense
Elias Lindholm Riley Sheahan Yanni Gourde Ben Chiarot Matt Roy
Goaltenders
Starting : Linus Ullmark
Backup : Mackenzie Blackwood
Extra Forwards
Normal : Elias Lindholm, Yanni Gourde, Carter Verhaeghe - PP : Elias Lindholm, Yanni Gourde - PK : Elias Lindholm
Extra Defensemen
Normal : Justin Faulk, Oliver Ekman-Larsson, Alexander Edler - PP : Justin Faulk - PK : Ben Chiarot, Alexander Edler
Penalty Shots
Elias Lindholm, Tyler Bertuzzi, Carter Verhaeghe, Yanni Gourde, Evan Rodrigues
Colorado Rockies
5 vs 5 Forward
Center Left Wing Right Wing Time % Phy DF OF
1 Ryan O'Reilly Jesper Bratt Nikita Kucherov 33 1 2 2
2 Evgeny Kuznetsov Kyle Connor David Pastrnak 32 1 2 2
3 Kevin Hayes Tim Stutzle Nick Schmaltz 25 1 2 2
4 Nick Bonino Jakub Vrana Dylan Strome 10 1 2 2
5 vs 5 Defense
Defense Defense Time % Phy DF OF
1 Victor Hedman Zach Werenski 40 1 2 2
2 Quinn Hughes Shea Theodore 30 1 2 2
3 Roman Josi Martin Fehervary 20 1 2 2
4 Zach Werenski Victor Hedman 10 1 2 2
PowerPlay Forward
Center Left Wing Right Wing Time % Phy DF OF
1 Evgeny Kuznetsov Kyle Connor Nikita Kucherov 60 1 1 3
2 Ryan O'Reilly Nick Schmaltz David Pastrnak 40 1 2 2
PowerPlay Defense
Defense Defense Time % Phy DF OF
1 Zach Werenski Victor Hedman 60 1 2 2
2 Quinn Hughes Shea Theodore 40 1 2 2
Penalty Kill 4 Players Forward
Center Wing Time % Phy DF OF
1 Ryan O'Reilly Kevin Hayes 60 1 2 2
2 Nick Bonino Kyle Connor 40 1 2 2
Penalty Kill 4 Players Defense
Defense Defense Time % Phy DF OF
1 Martin Fehervary Victor Hedman 60 1 2 2
2 Zach Werenski Shea Theodore 40 1 2 2
Penalty Kill - 3 Players Forward
Forward Time % Phy DF OF
1 Kevin Hayes 60 1 2 2
2 Ryan O'Reilly 40 1 2 2
Penalty Kill - 3 Players Defense
Defense Defense Time % Phy DF OF
1 Martin Fehervary Victor Hedman 60 1 2 2
2 Zach Werenski Shea Theodore 40 1 2 2
4 vs 4 Forward
Center Wing Time % Phy DF OF
1 Ryan O'Reilly Kyle Connor 60 1 2 2
2 Evgeny Kuznetsov Nikita Kucherov 40 1 2 2
4 vs 4 Defense
Defense Defense Time % Phy DF OF
1 Zach Werenski Shea Theodore 60 1 2 2
2 Victor Hedman Quinn Hughes 40 1 2 2
Last Minutes Offensive
Center Left Wing Right Wing Defense Defense
Evgeny Kuznetsov Kyle Connor Nikita Kucherov Victor Hedman Zach Werenski
Last Minutes Defensive
Center Left Wing Right Wing Defense Defense
Evgeny Kuznetsov Kyle Connor Nikita Kucherov Victor Hedman Zach Werenski
Goaltenders
Starting : Andrei Vasilevskiy
Backup : Ilya Samsonov
Extra Forwards
Normal : Jesper Bratt, Tim Stutzle, Kevin Hayes - PP : Jesper Bratt, Tim Stutzle - PK : Kevin Hayes
Extra Defensemen
Normal : Shea Theodore, Martin Fehervary, Zach Werenski - PP : Shea Theodore - PK : Martin Fehervary, Zach Werenski
Penalty Shots
Kevin Hayes, Evgeny Kuznetsov, Tim Stutzle, Shea Theodore, Jesper Bratt
% Time on Ice - Philadelphia Flyers
Lines # - Real PCT - Wanted PCT - Time Play
Normal Forward
1 - 29% - 30% - 13:45
2 - 31% - 30% - 14:50
3 - 19% - 20% - 8:57
4 - 21% - 20% - 9:43
Normal Defense
1 - 35% - 35% - 16:36
2 - 35% - 35% - 16:38
3 - 30% - 30% - 14:01
4 - 0% - 0% - 0:00
PP Forward
1 - 52% - 55% - 1:02
2 - 48% - 45% - 0:57
PP Defense
1 - 64% - 55% - 1:16
2 - 36% - 45% - 0:43
PK Forward
1 - 64% - 55% - 6:51
2 - 36% - 45% - 3:55
PK Defense
1 - 51% - 50% - 5:27
2 - 49% - 50% - 5:19
PK3 Forward
1 - 0% - 50%
2 - 0% - 50%
PK3 Defense
1 - 0% - 50%
2 - 0% - 50%
44 Forward
1 - 45% - 50% - 2:15
2 - 55% - 50% - 2:45
44 Defense
1 - 54% - 50% - 2:42
2 - 46% - 50% - 2:18
Last Minute Offensive - 0:00
Last Minute Defensive - 0:00
Total
Forward - 65:00
Defense - 65:00
|
% Time on Ice - Colorado Rockies
Lines # - Real PCT - Wanted PCT - Time Play
Normal Forward
1 - 32% - 33% - 14:59
2 - 30% - 32% - 13:57
3 - 22% - 25% - 10:16
4 - 17% - 10% - 8:03
Normal Defense
1 - 42% - 40% - 20:01
2 - 32% - 30% - 14:55
3 - 21% - 20% - 10:02
4 - 5% - 10% - 2:17
PP Forward
1 - 52% - 60% - 5:38
2 - 48% - 40% - 5:08
PP Defense
1 - 71% - 60% - 7:37
2 - 29% - 40% - 3:09
PK Forward
1 - 100% - 60% - 1:59
2 - 0% - 40% - 0:00
PK Defense
1 - 54% - 60% - 1:04
2 - 46% - 40% - 0:55
PK3 Forward
1 - 0% - 60%
2 - 0% - 40%
PK3 Defense
1 - 0% - 60%
2 - 0% - 40%
44 Forward
1 - 74% - 60% - 3:43
2 - 26% - 40% - 1:17
44 Defense
1 - 55% - 60% - 2:44
2 - 45% - 40% - 2:16
Last Minute Offensive - 0:00
Last Minute Defensive - 0:00
Total
Forward - 65:00
Defense - 65:00
|
Play-by-Play
1st period
0:01 of 1st period - Elias Lindholm wins face-off versus Ryan O'Reilly in neutral zone.
0:12 of 1st period - Snap shot by Elias Lindholm.
0:12 of 1st period - Shot Misses the Net.
0:14 of 1st period - Snap shot by Alexander Barabanov.
0:14 of 1st period - Shot Misses the Net.
0:16 of 1st period - Slapshot by Elias Lindholm.
0:16 of 1st period - Stopped by Andrei Vasilevskiy without a rebound.
0:17 of 1st period - Evgeny Kuznetsov wins face-off versus Yanni Gourde in Colorado Rockies zone.
0:42 of 1st period - Quinn Hughes is hit by Tyler Johnson and loses puck.
0:49 of 1st period - Riley Sheahan is hit by Martin Fehervary and loses puck.
1:10 of 1st period - Snap shot by Kyle Connor.
1:10 of 1st period - Stopped by Linus Ullmark without a rebound.
1:11 of 1st period - Calle Jarnkrok wins face-off versus Kevin Hayes in Philadelphia Flyers zone.
1:22 of 1st period - Snap shot by Calle Jarnkrok.
1:22 of 1st period - Stopped by Andrei Vasilevskiy without a rebound.
1:23 of 1st period - Ryan O'Reilly wins face-off versus Elias Lindholm in Colorado Rockies zone.
2:12 of 1st period - Snap shot by Jakub Vrana.
2:12 of 1st period - Stopped by Linus Ullmark with a rebound.
2:51 of 1st period - Icing by Zach Werenski.
2:52 of 1st period - Elias Lindholm wins face-off versus Ryan O'Reilly in Colorado Rockies zone.
3:13 of 1st period - Wrist shot by Nikita Kucherov.
3:13 of 1st period - Shot Misses the Net.
3:39 of 1st period - Slapshot by Jesper Bratt.
3:39 of 1st period - Goal by Jesper Bratt - Philadelphia Flyers : 0 - Colorado Rockies : 1.
3:40 of 1st period - Calle Jarnkrok wins face-off versus Kevin Hayes in neutral zone.
3:43 of 1st period - Snap shot by Tim Stutzle.
3:43 of 1st period - Stopped by Linus Ullmark with a rebound.
4:05 of 1st period - Wrist shot by Evgenii Dadonov.
4:05 of 1st period - Shot Misses the Net.
4:35 of 1st period - Wrist shot by Alexander Barabanov.
4:35 of 1st period - Stopped by Andrei Vasilevskiy without a rebound.
4:36 of 1st period - Riley Sheahan wins face-off versus Kevin Hayes in Colorado Rockies zone.
4:53 of 1st period - Slapshot by Tim Stutzle.
4:53 of 1st period - Shot Misses the Net.
5:30 of 1st period - Alexander Barabanov is hit by Jakub Vrana and loses puck.
5:51 of 1st period - Snap shot by Jesper Bratt.
5:51 of 1st period - Shot Blocked by Oliver Ekman-Larsson.
5:53 of 1st period - Wrist shot by Zach Werenski.
5:53 of 1st period - Shot Misses the Net.
6:31 of 1st period - Calvin de Haan is hit by David Pastrnak.
7:23 of 1st period - Off-side.
7:24 of 1st period - Calle Jarnkrok wins face-off versus Kevin Hayes in neutral zone.
7:31 of 1st period - Wrist shot by Calle Jarnkrok.
7:31 of 1st period - Shot Misses the Net.
7:33 of 1st period - Wrist shot by Evan Rodrigues.
7:33 of 1st period - Shot Misses the Net.
7:35 of 1st period - Slapshot by Oliver Ekman-Larsson.
7:35 of 1st period - Deflect By Tomas Tatar.
7:35 of 1st period - Stopped by Andrei Vasilevskiy with a rebound.
7:37 of 1st period - Snap shot by Matt Roy.
7:37 of 1st period - Stopped by Andrei Vasilevskiy without a rebound.
7:38 of 1st period - Evgeny Kuznetsov wins face-off versus Yanni Gourde in Colorado Rockies zone.
7:53 of 1st period - Wrist shot by Kyle Connor.
7:53 of 1st period - Goal by Kyle Connor - Philadelphia Flyers : 0 - Colorado Rockies : 2.
7:54 of 1st period - Evgeny Kuznetsov wins face-off versus Elias Lindholm in neutral zone.
7:59 of 1st period - Wrist shot by Kyle Connor.
7:59 of 1st period - Shot Misses the Net.
8:25 of 1st period - Wrist shot by Tomas Tatar.
8:25 of 1st period - Shot Misses the Net.
8:27 of 1st period - Snap shot by Evan Rodrigues.
8:27 of 1st period - Goal by Evan Rodrigues - Philadelphia Flyers : 1 - Colorado Rockies : 2.
8:28 of 1st period - Kevin Hayes wins face-off versus Yanni Gourde in neutral zone.
8:31 of 1st period - Wrist shot by Tim Stutzle.
8:31 of 1st period - Shot Blocked by Carter Verhaeghe.
8:41 of 1st period - Snap shot by Yanni Gourde.
8:41 of 1st period - Stopped by Andrei Vasilevskiy with a rebound.
9:06 of 1st period - Slapshot by Alexander Barabanov.
9:06 of 1st period - Shot Blocked by Zach Werenski.
9:18 of 1st period - Snap shot by David Pastrnak.
9:18 of 1st period - Deflect By Evgeny Kuznetsov.
9:18 of 1st period - Stopped by Linus Ullmark without a rebound.
9:19 of 1st period - Evgeny Kuznetsov wins face-off versus Calle Jarnkrok in Philadelphia Flyers zone.
9:40 of 1st period - Snap shot by David Pastrnak.
9:40 of 1st period - Shot Misses the Net.
9:42 of 1st period - Snap shot by Kyle Connor.
9:42 of 1st period - Stopped by Linus Ullmark with a rebound.
9:44 of 1st period - Wrist shot by Martin Fehervary.
9:44 of 1st period - Stopped by Linus Ullmark with a rebound.
10:02 of 1st period - Wrist shot by Kyle Connor.
10:02 of 1st period - Shot Blocked by Calle Jarnkrok.
10:04 of 1st period - Slapshot by Martin Fehervary.
10:04 of 1st period - Stopped by Linus Ullmark with a rebound.
10:18 of 1st period - Snap shot by Tomas Tatar.
10:18 of 1st period - Shot Misses the Net.
10:20 of 1st period - Backhand shot by Calle Jarnkrok.
10:20 of 1st period - Stopped by Andrei Vasilevskiy without a rebound.
10:21 of 1st period - Evgenii Dadonov wins face-off versus Ryan O'Reilly in Colorado Rockies zone.
10:52 of 1st period - Wrist shot by Elias Lindholm.
10:52 of 1st period - Shot Misses the Net.
11:00 of 1st period - Slapshot by Alexander Barabanov.
11:00 of 1st period - Shot Misses the Net.
11:40 of 1st period - Icing by Yanni Gourde.
11:41 of 1st period - Yanni Gourde wins face-off versus Kevin Hayes in Philadelphia Flyers zone.
12:27 of 1st period - Victor Hedman is hit by Alexander Edler and loses puck.
13:24 of 1st period - Minor Penalty to Oliver Ekman-Larsson for Hooking.
13:25 of 1st period - Evgeny Kuznetsov wins face-off versus Yanni Gourde in Philadelphia Flyers zone.
13:25 of 1st period - Snap shot by Nikita Kucherov.
13:25 of 1st period - Shot Misses the Net.
13:39 of 1st period - Snap shot by Nikita Kucherov.
13:39 of 1st period - Goal by Nikita Kucherov - Philadelphia Flyers : 1 - Colorado Rockies : 3.
13:40 of 1st period - Yanni Gourde wins face-off versus Ryan O'Reilly in neutral zone.
14:56 of 1st period - Snap shot by Dylan Strome.
14:56 of 1st period - Stopped by Linus Ullmark with a rebound.
15:28 of 1st period - Tyler Bertuzzi is hit by Victor Hedman and loses puck.
15:47 of 1st period - Minor Penalty to Oliver Ekman-Larsson for Holding.
15:48 of 1st period - Evgeny Kuznetsov wins face-off versus Yanni Gourde in Philadelphia Flyers zone.
16:20 of 1st period - Wrist shot by Calle Jarnkrok.
16:20 of 1st period - Goal by Calle Jarnkrok - Philadelphia Flyers : 2 - Colorado Rockies : 3.
16:21 of 1st period - Yanni Gourde wins face-off versus Kyle Connor in neutral zone.
17:04 of 1st period - Elias Lindholm is hit by Zach Werenski and loses puck.
17:25 of 1st period - Snap shot by Victor Hedman.
17:25 of 1st period - Stopped by Linus Ullmark with a rebound.
17:47 of 1st period - Penalty to Oliver Ekman-Larsson is over, Oliver Ekman-Larsson is back on ice.
17:53 of 1st period - Wrist shot by Nick Schmaltz.
17:53 of 1st period - Shot Misses the Net.
17:55 of 1st period - Wrist shot by Ryan O'Reilly.
17:55 of 1st period - Goal by Ryan O'Reilly - Philadelphia Flyers : 2 - Colorado Rockies : 4.
17:56 of 1st period - Elias Lindholm wins face-off versus Nick Bonino in neutral zone.
18:05 of 1st period - Snap shot by Elias Lindholm.
18:05 of 1st period - Stopped by Andrei Vasilevskiy without a rebound.
18:06 of 1st period - Nick Bonino wins face-off versus Alexander Barabanov in Colorado Rockies zone.
18:06 of 1st period - Nick Bonino is hit by Matt Roy.
18:21 of 1st period - Slapshot by Tyler Bertuzzi.
18:21 of 1st period - Shot Blocked by Roman Josi.
19:04 of 1st period - Icing by Roman Josi.
19:05 of 1st period - Nick Bonino wins face-off versus Carter Verhaeghe in Colorado Rockies zone.
19:12 of 1st period - Ben Chiarot is hit by Martin Fehervary and loses puck.
19:31 of 1st period - Wrist shot by Dylan Strome.
19:31 of 1st period - Shot Misses the Net.
19:33 of 1st period - Slapshot by Martin Fehervary.
19:33 of 1st period - Shot Blocked by Justin Faulk.
19:37 of 1st period - Slapshot by Nick Bonino.
19:37 of 1st period - Shot Misses the Net.
19:39 of 1st period - Snap shot by Martin Fehervary.
19:39 of 1st period - Stopped by Linus Ullmark with a rebound.
Goals for this period are 2 for Philadelphia Flyers vs 4 for Colorado Rockies.
Shots for this period are 10 for Philadelphia Flyers vs 14 for Colorado Rockies.
2nd period
0:01 of 2nd period - Yanni Gourde wins face-off versus Ryan O'Reilly in neutral zone.
0:30 of 2nd period - Off-side.
0:31 of 2nd period - Kevin Hayes wins face-off versus Riley Sheahan in neutral zone.
1:22 of 2nd period - Snap shot by Kyle Connor.
1:22 of 2nd period - Deflect By David Pastrnak.
1:22 of 2nd period - Stopped by Linus Ullmark with a rebound.
1:24 of 2nd period - Slapshot by Roman Josi.
1:24 of 2nd period - Stopped by Linus Ullmark with a rebound.
1:26 of 2nd period - Snap shot by Kyle Connor.
1:26 of 2nd period - Stopped by Linus Ullmark without a rebound.
1:27 of 2nd period - Elias Lindholm wins face-off versus Evgeny Kuznetsov in Philadelphia Flyers zone.
2:04 of 2nd period - Snap shot by Evgeny Kuznetsov.
2:04 of 2nd period - Stopped by Linus Ullmark without a rebound.
2:05 of 2nd period - Ryan O'Reilly wins face-off versus Yanni Gourde in Philadelphia Flyers zone.
2:09 of 2nd period - Double Minor Penalty to Yanni Gourde for Roughing.
2:10 of 2nd period - Elias Lindholm wins face-off versus Evgeny Kuznetsov in Philadelphia Flyers zone.
2:10 of 2nd period - Elias Lindholm is hit by Victor Hedman.
2:45 of 2nd period - Wrist shot by Ryan O'Reilly.
2:45 of 2nd period - Goal by Ryan O'Reilly - Philadelphia Flyers : 2 - Colorado Rockies : 5.
2:46 of 2nd period - Elias Lindholm wins face-off versus Evgeny Kuznetsov in neutral zone.
3:44 of 2nd period - Icing by Kyle Connor.
3:45 of 2nd period - Evgeny Kuznetsov wins face-off versus Elias Lindholm in Colorado Rockies zone.
4:14 of 2nd period - Snap shot by Evgeny Kuznetsov.
4:14 of 2nd period - Stopped by Linus Ullmark without a rebound.
4:15 of 2nd period - Elias Lindholm wins face-off versus Ryan O'Reilly in Philadelphia Flyers zone.
4:26 of 2nd period - Ben Chiarot is hit by Victor Hedman and loses puck.
4:45 of 2nd period - Penalty to Yanni Gourde is over, Yanni Gourde is back on ice.
4:55 of 2nd period - Snap shot by Yanni Gourde.
4:55 of 2nd period - Deflect By Alexander Barabanov.
4:55 of 2nd period - Shot Misses the Net.
4:55 of 2nd period - Puck is out of play.
4:56 of 2nd period - Yanni Gourde wins face-off versus Kevin Hayes in Colorado Rockies zone.
4:57 of 2nd period - Snap shot by Carter Verhaeghe.
4:57 of 2nd period - Deflect By Kevin Hayes.
4:57 of 2nd period - Shot Blocked by Tim Stutzle.
4:57 of 2nd period - Puck is out of play.
4:58 of 2nd period - Kevin Hayes wins face-off versus Yanni Gourde in Colorado Rockies zone.
6:14 of 2nd period - Slapshot by Victor Hedman.
6:14 of 2nd period - Deflect By Tyler Bertuzzi.
6:14 of 2nd period - Stopped by Linus Ullmark without a rebound.
6:15 of 2nd period - Yanni Gourde wins face-off versus Ryan O'Reilly in Philadelphia Flyers zone.
6:24 of 2nd period - Snap shot by Evgenii Dadonov.
6:24 of 2nd period - Shot Misses the Net.
6:26 of 2nd period - Snap shot by Evgenii Dadonov.
6:26 of 2nd period - Shot Blocked by Shea Theodore.
6:28 of 2nd period - Slapshot by Matt Roy.
6:28 of 2nd period - Deflect By Nikita Kucherov.
6:28 of 2nd period - Stopped by Andrei Vasilevskiy without a rebound.
6:29 of 2nd period - Ryan O'Reilly wins face-off versus Calle Jarnkrok in Colorado Rockies zone.
7:00 of 2nd period - Wrist shot by Nick Schmaltz.
7:00 of 2nd period - Stopped by Linus Ullmark without a rebound.
7:01 of 2nd period - Kevin Hayes wins face-off versus Yanni Gourde in Philadelphia Flyers zone.
7:14 of 2nd period - Slapshot by Nick Schmaltz.
7:14 of 2nd period - Stopped by Linus Ullmark with a rebound.
7:20 of 2nd period - Snap shot by Nick Schmaltz.
7:20 of 2nd period - Stopped by Linus Ullmark without a rebound.
7:21 of 2nd period - Elias Lindholm wins face-off versus Nikita Kucherov in Philadelphia Flyers zone.
7:23 of 2nd period - Minor Penalty to Justin Faulk for Roughing.
7:24 of 2nd period - Evgeny Kuznetsov wins face-off versus Yanni Gourde in Philadelphia Flyers zone.
7:38 of 2nd period - Snap shot by Victor Hedman.
7:38 of 2nd period - Stopped by Linus Ullmark without a rebound.
7:39 of 2nd period - Evgeny Kuznetsov wins face-off versus Yanni Gourde in Philadelphia Flyers zone.
8:56 of 2nd period - Icing by Ryan O'Reilly.
8:57 of 2nd period - Yanni Gourde wins face-off versus Ryan O'Reilly in Colorado Rockies zone.
9:18 of 2nd period - Victor Hedman is hit by Elias Lindholm and loses puck.
9:23 of 2nd period - Penalty to Justin Faulk is over, Justin Faulk is back on ice.
10:00 of 2nd period - Snap shot by Tomas Tatar.
10:00 of 2nd period - Shot Misses the Net.
10:02 of 2nd period - Snap shot by Calle Jarnkrok.
10:02 of 2nd period - Stopped by Andrei Vasilevskiy without a rebound.
10:03 of 2nd period - Ryan O'Reilly wins face-off versus Calle Jarnkrok in Colorado Rockies zone.
10:08 of 2nd period - Calle Jarnkrok is hit by Jesper Bratt.
10:26 of 2nd period - Slapshot by Oliver Ekman-Larsson.
10:26 of 2nd period - Shot Blocked by David Pastrnak.
10:28 of 2nd period - Snap shot by Riley Sheahan.
10:28 of 2nd period - Deflect By Kyle Connor.
10:28 of 2nd period - Shot Blocked by Shea Theodore.
10:28 of 2nd period - Puck is out of play.
10:29 of 2nd period - Evgeny Kuznetsov wins face-off versus Riley Sheahan in Colorado Rockies zone.
10:54 of 2nd period - Ben Chiarot is hit by Evgeny Kuznetsov.
11:12 of 2nd period - Slapshot by David Pastrnak.
11:12 of 2nd period - Deflect By Justin Faulk.
11:12 of 2nd period - Shot Misses the Net.
11:12 of 2nd period - Puck is out of play.
11:13 of 2nd period - Yanni Gourde wins face-off versus Ryan O'Reilly in Philadelphia Flyers zone.
11:13 of 2nd period - Yanni Gourde is hit by Zach Werenski.
11:23 of 2nd period - Jesper Bratt is hit by Oliver Ekman-Larsson and loses puck.
11:40 of 2nd period - Slapshot by Tyler Bertuzzi.
11:40 of 2nd period - Shot Misses the Net.
11:42 of 2nd period - Snap shot by Alexander Barabanov.
11:42 of 2nd period - Goal by Alexander Barabanov - Philadelphia Flyers : 3 - Colorado Rockies : 5.
11:43 of 2nd period - Ryan O'Reilly wins face-off versus Tyler Bertuzzi in neutral zone.
12:02 of 2nd period - Elias Lindholm is hit by Zach Werenski and loses puck.
12:41 of 2nd period - Alexander Edler is hit by Kevin Hayes.
13:27 of 2nd period - Wrist shot by Evan Rodrigues.
13:27 of 2nd period - Stopped by Andrei Vasilevskiy with a rebound.
14:35 of 2nd period - Off-side.
14:36 of 2nd period - Ryan O'Reilly wins face-off versus Elias Lindholm in neutral zone.
15:03 of 2nd period - Zach Werenski is hit by Evgenii Dadonov and loses puck.
15:32 of 2nd period - Riley Sheahan is hit by Tim Stutzle and loses puck.
16:21 of 2nd period - Slapshot by Kyle Connor.
16:21 of 2nd period - Shot Misses the Net.
16:23 of 2nd period - Slapshot by Shea Theodore.
16:23 of 2nd period - Stopped by Linus Ullmark without a rebound.
16:24 of 2nd period - Yanni Gourde wins face-off versus Kevin Hayes in Philadelphia Flyers zone.
16:37 of 2nd period - Slapshot by Yanni Gourde.
16:37 of 2nd period - Shot Misses the Net.
16:39 of 2nd period - Slapshot by Calvin de Haan.
16:39 of 2nd period - Goal by Calvin de Haan - Philadelphia Flyers : 4 - Colorado Rockies : 5.
16:40 of 2nd period - Ryan O'Reilly wins face-off versus Yanni Gourde in neutral zone.
16:50 of 2nd period - Snap shot by Nikita Kucherov.
16:50 of 2nd period - Shot Misses the Net.
17:31 of 2nd period - Slapshot by Tim Stutzle.
17:31 of 2nd period - Shot Blocked by Justin Faulk.
17:33 of 2nd period - Slapshot by Nick Schmaltz.
17:33 of 2nd period - Shot Misses the Net.
17:35 of 2nd period - Wrist shot by Kevin Hayes.
17:35 of 2nd period - Deflect By Nick Schmaltz.
17:35 of 2nd period - Stopped by Linus Ullmark without a rebound.
17:36 of 2nd period - Ryan O'Reilly wins face-off versus Yanni Gourde in Philadelphia Flyers zone.
18:34 of 2nd period - Wrist shot by Marcus Johansson.
18:34 of 2nd period - Stopped by Andrei Vasilevskiy with a rebound.
18:36 of 2nd period - Slapshot by Oliver Ekman-Larsson.
18:36 of 2nd period - Stopped by Andrei Vasilevskiy with a rebound.
18:38 of 2nd period - Slapshot by Oliver Ekman-Larsson.
18:38 of 2nd period - Shot Misses the Net.
18:40 of 2nd period - Snap shot by Marcus Johansson.
18:40 of 2nd period - Stopped by Andrei Vasilevskiy with a rebound.
19:18 of 2nd period - Wrist shot by Carter Verhaeghe.
19:18 of 2nd period - Stopped by Andrei Vasilevskiy without a rebound.
19:19 of 2nd period - Elias Lindholm wins face-off versus David Pastrnak in Colorado Rockies zone.
19:24 of 2nd period - Snap shot by Tyler Bertuzzi.
19:24 of 2nd period - Deflect By Alexander Barabanov.
19:24 of 2nd period - Shot Misses the Net.
19:24 of 2nd period - Puck is out of play.
19:25 of 2nd period - Evgeny Kuznetsov wins face-off versus Elias Lindholm in Colorado Rockies zone.
19:30 of 2nd period - Slapshot by Kyle Connor.
19:30 of 2nd period - Shot Blocked by Tyler Bertuzzi.
19:52 of 2nd period - Wrist shot by Tyler Johnson.
19:52 of 2nd period - Deflect By Kyle Connor.
19:52 of 2nd period - Shot Misses the Net.
19:52 of 2nd period - Puck is out of play.
19:53 of 2nd period - Ryan O'Reilly wins face-off versus Riley Sheahan in Colorado Rockies zone.
Goals for this period are 2 for Philadelphia Flyers vs 1 for Colorado Rockies.
Shots for this period are 9 for Philadelphia Flyers vs 13 for Colorado Rockies.
3rd period
0:01 of 3rd period - Ryan O'Reilly wins face-off versus Yanni Gourde in neutral zone.
0:41 of 3rd period - Wrist shot by Carter Verhaeghe.
0:41 of 3rd period - Shot Misses the Net.
0:47 of 3rd period - Wrist shot by Yanni Gourde.
0:47 of 3rd period - Stopped by Andrei Vasilevskiy without a rebound.
0:48 of 3rd period - Evgeny Kuznetsov wins face-off versus Calle Jarnkrok in Colorado Rockies zone.
0:53 of 3rd period - Slapshot by Shea Theodore.
0:53 of 3rd period - Shot Blocked by Oliver Ekman-Larsson.
1:01 of 3rd period - Snap shot by Evgeny Kuznetsov.
1:01 of 3rd period - Shot Blocked by Tomas Tatar.
1:03 of 3rd period - Snap shot by Kyle Connor.
1:03 of 3rd period - Stopped by Linus Ullmark without a rebound.
1:04 of 3rd period - Elias Lindholm wins face-off versus Kevin Hayes in Philadelphia Flyers zone.
1:06 of 3rd period - Minor Penalty to Alexander Edler for Hooking.
1:07 of 3rd period - Yanni Gourde wins face-off versus Evgeny Kuznetsov in Philadelphia Flyers zone.
1:23 of 3rd period - Slapshot by Nikita Kucherov.
1:23 of 3rd period - Deflect By Kyle Connor.
1:23 of 3rd period - Stopped by Linus Ullmark without a rebound.
1:24 of 3rd period - Yanni Gourde wins face-off versus Evgeny Kuznetsov in Philadelphia Flyers zone.
1:33 of 3rd period - Wrist shot by Riley Sheahan.
1:33 of 3rd period - Goal by Riley Sheahan - Philadelphia Flyers : 5 - Colorado Rockies : 5.
1:34 of 3rd period - Evgeny Kuznetsov wins face-off versus Yanni Gourde in neutral zone.
2:13 of 3rd period - Justin Faulk is hit by Victor Hedman and loses puck.
3:06 of 3rd period - Penalty to Alexander Edler is over, Alexander Edler is back on ice.
3:16 of 3rd period - Wrist shot by Calle Jarnkrok.
3:16 of 3rd period - Stopped by Andrei Vasilevskiy with a rebound.
3:18 of 3rd period - Slapshot by Alexander Edler.
3:18 of 3rd period - Shot Misses the Net.
3:20 of 3rd period - Wrist shot by Calle Jarnkrok.
3:20 of 3rd period - Shot Misses the Net.
3:22 of 3rd period - Slapshot by Matt Roy.
3:22 of 3rd period - Stopped by Andrei Vasilevskiy without a rebound.
3:23 of 3rd period - Nick Bonino wins face-off versus Evgenii Dadonov in Colorado Rockies zone.
3:38 of 3rd period - Snap shot by Dylan Strome.
3:38 of 3rd period - Shot Misses the Net.
4:35 of 3rd period - Snap shot by Kyle Connor.
4:35 of 3rd period - Stopped by Linus Ullmark without a rebound.
4:36 of 3rd period - Evgeny Kuznetsov wins face-off versus Riley Sheahan in Philadelphia Flyers zone.
4:45 of 3rd period - Wrist shot by Marcus Johansson.
4:45 of 3rd period - Shot Misses the Net.
4:47 of 3rd period - Slapshot by Riley Sheahan.
4:47 of 3rd period - Shot Misses the Net.
4:49 of 3rd period - Wrist shot by Tyler Johnson.
4:49 of 3rd period - Stopped by Andrei Vasilevskiy with a rebound.
5:30 of 3rd period - Slapshot by Justin Faulk.
5:30 of 3rd period - Stopped by Andrei Vasilevskiy with a rebound.
5:57 of 3rd period - Snap shot by Tyler Bertuzzi.
5:57 of 3rd period - Stopped by Andrei Vasilevskiy with a rebound.
6:31 of 3rd period - Snap shot by Jakub Vrana.
6:31 of 3rd period - Shot Misses the Net.
6:54 of 3rd period - Evan Rodrigues is hit by Jesper Bratt and loses puck.
7:07 of 3rd period - Nick Schmaltz is hit by Yanni Gourde and loses puck.
7:28 of 3rd period - Snap shot by David Pastrnak.
7:28 of 3rd period - Stopped by Linus Ullmark without a rebound.
7:29 of 3rd period - Riley Sheahan wins face-off versus David Pastrnak in Philadelphia Flyers zone.
7:42 of 3rd period - Wrist shot by Marcus Johansson.
7:42 of 3rd period - Stopped by Andrei Vasilevskiy without a rebound.
7:43 of 3rd period - Ryan O'Reilly wins face-off versus Calle Jarnkrok in Colorado Rockies zone.
7:54 of 3rd period - Victor Hedman is hit by Evan Rodrigues and loses puck.
9:27 of 3rd period - Minor Penalty to Ryan O'Reilly for Boarding.
9:28 of 3rd period - Tim Stutzle wins face-off versus Elias Lindholm in Colorado Rockies zone.
9:55 of 3rd period - Tim Stutzle is hit by Justin Faulk and loses puck.
10:56 of 3rd period - Nick Schmaltz is hit by Evan Rodrigues and loses puck.
11:27 of 3rd period - Penalty to Ryan O'Reilly is over, Ryan O'Reilly is back on ice.
11:43 of 3rd period - Slapshot by Tyler Johnson.
11:43 of 3rd period - Shot Misses the Net.
11:55 of 3rd period - Dylan Strome is hit by Evan Rodrigues and loses puck.
13:10 of 3rd period - Riley Sheahan is hit by Roman Josi and loses puck.
13:39 of 3rd period - Wrist shot by Marcus Johansson.
13:39 of 3rd period - Shot Misses the Net.
13:41 of 3rd period - Snap shot by Tyler Johnson.
13:41 of 3rd period - Stopped by Andrei Vasilevskiy with a rebound.
13:43 of 3rd period - Wrist shot by Tyler Johnson.
13:43 of 3rd period - Stopped by Andrei Vasilevskiy without a rebound.
13:44 of 3rd period - Kevin Hayes wins face-off versus Carter Verhaeghe in Colorado Rockies zone.
14:00 of 3rd period - Snap shot by Carter Verhaeghe.
14:00 of 3rd period - Deflect By Tim Stutzle.
14:00 of 3rd period - Stopped by Andrei Vasilevskiy without a rebound.
14:01 of 3rd period - Evgeny Kuznetsov wins face-off versus Elias Lindholm in Colorado Rockies zone.
14:26 of 3rd period - Icing by Kyle Connor.
14:27 of 3rd period - Kevin Hayes wins face-off versus Yanni Gourde in Colorado Rockies zone.
15:09 of 3rd period - Icing by Alexander Edler.
15:10 of 3rd period - Yanni Gourde wins face-off versus Kevin Hayes in Philadelphia Flyers zone.
15:47 of 3rd period - Wrist shot by Jesper Bratt.
15:47 of 3rd period - Shot Blocked by Calle Jarnkrok.
16:10 of 3rd period - Oliver Ekman-Larsson is hit by Evgeny Kuznetsov and loses puck.
16:29 of 3rd period - Slapshot by Riley Sheahan.
16:29 of 3rd period - Stopped by Andrei Vasilevskiy with a rebound.
16:31 of 3rd period - Slapshot by Matt Roy.
16:31 of 3rd period - Shot Misses the Net.
16:33 of 3rd period - Wrist shot by Tyler Johnson.
16:33 of 3rd period - Stopped by Andrei Vasilevskiy with a rebound.
16:35 of 3rd period - Snap shot by Oliver Ekman-Larsson.
16:35 of 3rd period - Stopped by Andrei Vasilevskiy without a rebound.
16:36 of 3rd period - Calle Jarnkrok wins face-off versus Kevin Hayes in Colorado Rockies zone.
16:37 of 3rd period - Backhand shot by Evan Rodrigues.
16:37 of 3rd period - Deflect By Calle Jarnkrok.
16:37 of 3rd period - Stopped by Andrei Vasilevskiy without a rebound.
16:38 of 3rd period - Kevin Hayes wins face-off versus Calle Jarnkrok in Colorado Rockies zone.
16:38 of 3rd period - Kevin Hayes is hit by Ben Chiarot.
17:00 of 3rd period - Minor Penalty to Justin Faulk for Roughing.
17:01 of 3rd period - Yanni Gourde wins face-off versus Evgeny Kuznetsov in Philadelphia Flyers zone.
19:00 of 3rd period - Penalty to Justin Faulk is over, Justin Faulk is back on ice.
19:11 of 3rd period - Slapshot by Calle Jarnkrok.
19:11 of 3rd period - Shot Misses the Net.
19:17 of 3rd period - Justin Faulk is hit by Martin Fehervary and loses puck.
Goals for this period are 1 for Philadelphia Flyers vs 0 for Colorado Rockies.
Shots for this period are 15 for Philadelphia Flyers vs 4 for Colorado Rockies.
Overtime #1
0:01 of 1st overtime period - Elias Lindholm wins face-off versus Kyle Connor in neutral zone.
0:32 of 1st overtime period - Snap shot by Yanni Gourde.
0:32 of 1st overtime period - Stopped by Andrei Vasilevskiy without a rebound.
0:33 of 1st overtime period - Ryan O'Reilly wins face-off versus Yanni Gourde in Colorado Rockies zone.
0:54 of 1st overtime period - Snap shot by Carter Verhaeghe.
0:54 of 1st overtime period - Deflect By Yanni Gourde.
0:54 of 1st overtime period - Stopped by Andrei Vasilevskiy with a rebound.
1:00 of 1st overtime period - Yanni Gourde is hit by Evgeny Kuznetsov and loses puck.
1:20 of 1st overtime period - Icing by Shea Theodore.
1:21 of 1st overtime period - Ryan O'Reilly wins face-off versus Elias Lindholm in Colorado Rockies zone.
3:59 of 1st overtime period - Marcus Johansson is hit by Zach Werenski and loses puck.
Goals for this period are 0 for Philadelphia Flyers vs 0 for Colorado Rockies.
Shots for this period are 2 for Philadelphia Flyers vs 0 for Colorado Rockies.
ShootOut
5:00 of 1st overtime period - Round #1.
5:00 of 1st overtime period - Philadelphia Flyers, Elias Lindholm.
5:00 of 1st overtime period - Deke by Elias Lindholm.
5:00 of 1st overtime period - Stopped by Andrei Vasilevskiy.
5:00 of 1st overtime period - Colorado Rockies, Kevin Hayes.
5:00 of 1st overtime period - Snap shot by Kevin Hayes.
5:00 of 1st overtime period - Shot Misses the Net.
5:00 of 1st overtime period - Round #2.
5:00 of 1st overtime period - Philadelphia Flyers, Tyler Bertuzzi.
5:00 of 1st overtime period - Snap shot by Tyler Bertuzzi.
5:00 of 1st overtime period - Stopped by Andrei Vasilevskiy.
5:00 of 1st overtime period - Colorado Rockies, Evgeny Kuznetsov.
5:00 of 1st overtime period - Wrist shot by Evgeny Kuznetsov.
5:00 of 1st overtime period - Shot Misses the Net.
5:00 of 1st overtime period - Round #3.
5:00 of 1st overtime period - Philadelphia Flyers, Carter Verhaeghe.
5:00 of 1st overtime period - Snap shot by Carter Verhaeghe.
5:00 of 1st overtime period - Stopped by Andrei Vasilevskiy.
5:00 of 1st overtime period - Colorado Rockies, Tim Stutzle.
5:00 of 1st overtime period - Snap shot by Tim Stutzle.
5:00 of 1st overtime period - Stopped by Linus Ullmark.
5:00 of 1st overtime period - Round #4.
5:00 of 1st overtime period - Philadelphia Flyers, Yanni Gourde.
5:00 of 1st overtime period - Wrist shot by Yanni Gourde.
5:00 of 1st overtime period - Shot Misses the Net.
5:00 of 1st overtime period - Colorado Rockies, Shea Theodore.
5:00 of 1st overtime period - Wrist shot by Shea Theodore.
5:00 of 1st overtime period - Stopped by Linus Ullmark.
5:00 of 1st overtime period - Round #5.
5:00 of 1st overtime period - Philadelphia Flyers, Evan Rodrigues.
5:00 of 1st overtime period - Wrist shot by Evan Rodrigues.
5:00 of 1st overtime period - Goal by Evan Rodrigues.
5:00 of 1st overtime period - Colorado Rockies, Jesper Bratt.
5:00 of 1st overtime period - Snap shot by Jesper Bratt.
5:00 of 1st overtime period - Stopped by Linus Ullmark.
Back to the Top